 Dungeon Crawl Stone Soup version 0.29-a0-106-g0a07039d5a (webtiles) character file.

Game seed: 2943136246533640328

7 Gildeon the Skirmisher (level 2, -2/32 HPs)
             Began as an Ogre Fighter on Feb 16, 2022.
             Succumbed to an adder's poison
             ... on level 2 of the Dungeon.
             The game lasted 00:02:03 (562 turns).

Gildeon the Skirmisher (Ogre Fighter)                Turns: 562, Time: 00:02:03

Health: -2/32      AC:  3    Str: 19    XL:     2   Next: 0%
Magic:  2/2        EV:  8    Int:  9    God:
Gold:   87         SH:  7    Dex:  8    Spells: 1/1 levels left

rFire   + . .      SeeInvis .   a - +0 flail
rCold   + . .      Faith    .   c - +0 kite shield
rNeg    . . .      Spirit   .   b - +0 robe
rPois   +          Reflect  .   (helmet restricted)
rElec   +          Harm     .   (no cloak)
rCorr   +          Rampage  .   (gloves unavailable)
Will    .....                   (boots unavailable)
Stlth   +.........              (no amulet)
HPRegen 0.10/turn               (no ring)
MPRegen 0.08/turn               (no ring)

@: brilliant, lethally poisoned (-2 -> -17), resistant
A: large, unfitting armour, tough skin 1
a: no special abilities


You were on level 2 of the Dungeon.
You visited 1 branch of the dungeon, and saw 2 of its levels.

You collected 87 gold pieces.

Inventory:

Hand Weapons
 a - a +0 flail (weapon)
Armour
 b - a +0 robe (worn)
 c - a +0 kite shield (worn)
Scrolls
 f - 2 scrolls of fog {unknown}
 h - a scroll of fear {unknown}
Potions
 d - a potion of might
 e - a potion of brilliance


   Skills:
 - Level 4.0 Fighting
 + Level 2.4 Maces & Flails
 - Level 2.6 Dodging
 - Level 2.6 Shields


You had one spell level left.
You didn't know any spells.
Your spell library contained the following spells:

 Spells                   Type           Power      Damage    Failure   Level
 Shock                    Conj/Air       0%         1d3       69%         1
 Swiftness                Air            0%         N/A       96%         3
 Airstrike                Air            0%         N/A       100%        4


Dungeon Overview and Level Annotations

Branches:
Dungeon (2/15)

Altars:

Shops:
D:1 *:


Innate Abilities, Weirdness & Mutations

You are too large for most types of armour.
You have tough skin. (AC +1)


Message History

The adder bites you. The endoplasm hits you.
You have reached level 2!
You closely miss the adder. The adder closely misses you.
The endoplasm barely misses you. The adder bites you but does no damage.
You hit the adder.
The adder is moderately wounded.
The adder bites you. The endoplasm hits you. The adder closely misses you.
You completely miss the adder.
The adder is moderately wounded.
The endoplasm closely misses you. You block the adder's attack.
The endoplasm hits you. The adder bites you.
You closely miss the adder.
The adder is moderately wounded.
A frilled lizard comes into view.
The adder bites you. You block the endoplasm's attack.
You closely miss the adder.
The adder is moderately wounded.
The adder bites you.
* * * LOW HITPOINT WARNING * * *
You are poisoned.
The adder poisons you! The endoplasm freezes you.
You are frozen.
* * * LOW HITPOINT WARNING * * *
The adder bites you.
* * * LOW HITPOINT WARNING * * *
You are lethally poisoned!
The adder poisons you! You block the endoplasm's attack.
It was a potion of brilliance.
You feel clever all of a sudden.
* * * LOW HITPOINT WARNING * * *
You feel very sick. The adder bites you.
* * * LOW HITPOINT WARNING * * *
You are more poisoned.
The adder poisons you! The endoplasm hits you.
* * * LOW HITPOINT WARNING * * *
It was a potion of resistance.
You feel protected.
You die...

#<.......#
######...# #..(.#
#### #...## ...#
#...# # ... ##.##
###.#####.###.##.#
.#....J........##.#
......S@.#...# #.#
....l####....# #.#
... #.##.# #.# .
#.#### #.# #....#
#.# ####.# #.# #.#
#.# #.# #.#
#.####.#


You could see an adder, an endoplasm and a frilled lizard.

Vanquished Creatures
  2 bats (D:1)
  2 hobgoblins
  A quokka (D:1)
  A rat (D:1)
6 creatures vanquished.

Notes
Turn   | Place    | Note
-------+----------+-------------------------------------------
     0 | D:1      | Gildeon the Ogre Fighter began the quest for the Orb.
     0 | D:1      | Reached XP level 1. HP: 24/24 MP: 1/1
    42 | D:1      | Found Vavy's Assorted Antiques.
    75 | D:1      | Found Zautwuav's Book Shop.
   154 | D:1      | Found a faded altar of an unknown god.
   556 | D:2      | Reached XP level 2. HP: 24/32 MP: 2/2
   561 | D:2      | HP: 1/32 [endoplasm (1)]
   562 | D:2      | Succumbed to an adder's poison

Illustrated notes

Levels and vault maps discovered:
D:1:      amcnicky_arrival_single_pillar, layout_rooms,
          ebering_ecumenical_altar_mist, serial_shops, nicolae_square_shop,
          nicolae_lakefront_shop
D:2:      layout_basic, basic_altar

Skill      XL: |  1 |
---------------+----+-----
Maces & Flails | 2 |  2.4
Fighting       | |  4.0
Dodging        | |  2.6
Shields        | |  2.6

Action                   || total
-------------------------++-------
Melee: Flail             ||    21
  Use: Potion            ||     2
Armor: Robe              ||     7
Dodge: Dodged            ||    11
Block: Kite shield       ||    11

Table legend: (Time is in decaauts)
 A = Elapsed time spent in this place.
 B = Non-inter-level travel time spent in this place.
 C = Inter-level travel time spent in this place.
 D = Time resting spent in this place.
 E = Time spent auto-exploring this place.
 F = Levels seen in this place.
 G = Mean time per level.
                   A        B        C        D        E       F      G
               +--------+--------+--------+--------+--------+-----+--------+
         Total |    570 |    566 |      4 |      0 |    480 |   2 |  285.0 |
       Dungeon |    570 |    566 |      4 |      0 |    480 |   2 |  285.0 |
               +--------+--------+--------+--------+--------+-----+--------+

Top non-repeatable levels by time:
     D:1: 505 daAuts
     D:2: 64 daAuts
